Map: Galactic Process LE

Players

Gracz - Winner!

  • Race: Protoss Protoss
  • League: Silver

Shimarayn

  • Race: Protoss Protoss
  • League: Silver

VOD

Have the link to the VOD?

Description

Time

  • Played on: Oct. 12, 2016, 1:46 p.m.
  • Length: 5:12
Show
View Real Time Build Order
Export as new Build Order

Gracz Protoss - Winner!

Build Orders:  

Get SALT Encoding   

  12  0:01  Probe (Chrono Boost)  
  13  0:16  Pylon  
  13  0:21  Probe (Chrono Boost)  
  14  0:31  Probe (Chrono Boost)  
  15  0:39  Assimilator  
  15  0:42  Probe (Chrono Boost)  
  16  0:47  Pylon  
  16  0:52  Probe (Chrono Boost)  
  17  1:03  Probe (Chrono Boost)  
  18  1:07  Pylon  
  18  1:49  Gateway  
  18  1:51  Gateway  
  18  1:55  Probe (Chrono Boost)  
  19  2:02  Gateway  
  19  2:36  Gateway  
  19  2:45  Cybernetics Core  
  19  2:50  Zealot  
  21  3:09  Nexus  
  21  3:15  Probe (Chrono Boost)  
  22  3:30  Stalker  
  22  3:32  Stalker  
  26  3:45  Pylon  
  26  3:46  Stalker  
  29  3:56  Probe (Chrono Boost)  
  29  4:06  Gateway  
  29  4:42  Stalker x2  
Show
View Real Time Build Order
Export as new Build Order

Shimarayn Protoss 

Build Orders:  

Get SALT Encoding   

  12  0:03  Probe (Chrono Boost)  
  13  0:16  Pylon  
  13  0:23  Probe (Chrono Boost)  
  14  0:34  Probe (Chrono Boost)  
  15  0:40  Forge  
  15  0:47  Pylon  
  15  1:11  Pylon  
  15  1:33  Pylon  
  15  1:35  Probe (Chrono Boost)  
  15  1:46  Probe (Chrono Boost), Gateway  
  16  1:51  Assimilator  
  16  1:56  Assimilator, Probe (Chrono Boost)  
  17  2:07  Probe (Chrono Boost)  
  17  2:22  Probe (Chrono Boost)  
  18  2:33  Probe (Chrono Boost)  
  18  2:35  Cybernetics Core  
  19  2:43  Probe (Chrono Boost)  
  20  2:48  Pylon  
  20  2:52  Pylon  
  20  2:54  Probe (Chrono Boost)  
  21  3:04  Probe (Chrono Boost)  
  22  3:16  Probe (Chrono Boost)  
  23  3:20  Stargate  
  23  3:29  Probe (Chrono Boost)  
  24  3:37  Photon Cannon  
  24  3:40  Photon Cannon  
  24  3:47  Gateway  
  24  3:50  Gateway  
  24  4:10  Oracle  
  24  4:16  Mothership Core (Chrono Boost)  
  29  4:37  Photon Cannon  
Tags
 
Add a new tag
Caveats
  • Supply blocks, unpowered buildings, or Contaminate may cause inaccurate times.
  • Supply counts are checked every 10 seconds.